[Event "Julius Baer Generation Cup Prelims 2022"]
[Site "Online"]
[Date "2022.09.14"]
[Round "3.6"]
[White "Keymer, Vincent"]
[Black "Navara, David"]
[Result "1-0"]
[ECO "A20"]
[WhiteElo "2693"]
[BlackElo "2681"]
[Annotator "ChessBase"]
[PlyCount "85"]
[EventDate "2022.09.12"]
[EventType "tourn"]
[EventCountry "NET"]
[SourceTitle "playchess.com"]
[Source "ChessBase"]
[SourceQuality "1"]
[TimeControl "900+10"]

1. c4 e5 2. d3 Nf6 3. Nf3 Nc6 4. a3 d5 5. cxd5 Nxd5 6. e4 Nf6 7. Be2 Bg4 8. Nbd2 a5 9. h3 Be6 10. O-O Bc5 11. Qc2 Nd7 12. Nb3 Bb6 13. Be3 a4 14. Nbd2 O-O 15. Rac1 f6 16. Nc4 Bxe3 17. fxe3 Nc5 18. Ncd2 Nb3 19. Nxb3 Bxb3 20. Qc3 Qe7 21. Nd2 Bf7 22. d4 exd4 23. exd4 Nd8 24. Qxc7 Qxc7 25. Rxc7 Ne6 26. Rc4 Rfc8 27. d5 Rxc4 28. Nxc4 Nc5 29. Bf3 Bg6 30. Re1 b5 31. Nd6 Rb8 32. Rc1 Nd3 33. Rc2 b4 34. axb4 Kf8 35. b5 Ke7 36. Nc8+ Kd8 37. Na7 Kd7 38. Bg4+ Kd6 39. Rc6+ Ke5 40. d6 Nxb2 41. d7 a3 42. Ra6 Bxe4 43. Nc8 1-0

[Event "Julius Baer Generation Cup Prelims 2022"]
[Site "Online"]
[Date "2022.09.14"]
[Round "3.7"]
[White "Erigaisi Arjun"]
[Black "Le, Quang Liem"]
[Result "1-0"]
[ECO "C45"]
[WhiteElo "2725"]
[BlackElo "2728"]
[Annotator "ChessBase"]
[PlyCount "63"]
[EventDate "2022.09.12"]
[EventType "tourn"]
[EventCountry "NET"]
[SourceTitle "playchess.com"]
[Source "ChessBase"]
[SourceQuality "1"]
[TimeControl "900+10"]

1. e4 e5 2. Nf3 Nc6 3. d4 exd4 4. Nxd4 Nf6 5. Nxc6 bxc6 6. e5 Qe7 7. Qe2 Nd5 8. Nd2 g6 9. c4 Nf4 10. Qe3 Ne6 11. b3 Bg7 12. Bb2 O-O 13. Ne4 d5 14. Nf6+ Bxf6 15. exf6 Qb4+ 16. Bc3 Qd6 17. O-O-O a5 18. h4 a4 19. b4 d4 20. Qh6 c5 21. Bd2 d3 22. h5 Qd4 23. Kb1 a3 24. Bc1 Qxc4 25. Rxd3 Ba6 26. hxg6 Qxd3+ 27. Bxd3 Bxd3+ 28. Ka1 Bxg6 29. f4 Rfb8 30. g4 Be4 31. f5 Rxb4 32. Qxh7+ 1-0

[Event "Julius Baer Generation Cup Prelims 2022"]
[Site "Online"]
[Date "2022.09.14"]
[Round "3.8"]
[White "Carlsen, Magnus"]
[Black "Adhiban, B.."]
[Result "1-0"]
[ECO "A04"]
[WhiteElo "2861"]
[BlackElo "2603"]
[Annotator "TA"]
[PlyCount "105"]
[EventDate "2022.09.12"]
[EventType "tourn"]
[EventCountry "NET"]
[SourceTitle "playchess.com"]
[Source "ChessBase"]
[SourceQuality "1"]
[TimeControl "900+10"]

1. Nf3 f5 2. b4 e5 ({Predecessor:} 2... d6 3. d4 Nf6 4. Bb2 g6 5. e3 Bg7 6. Be2 O-O 7. Nbd2 e6 8. c4 Qe7 9. Rc1 c6 10. b5 {1-0 (39) Meskovs,N (2585)-Omelja,A (2499) Chess.com INT 2020}) 3. Nxe5 Bxb4 4. g3 Nc6 5. Bb2 Nxe5 6. Bxe5 {[%emt 0:00:01] A04: Unusual lines after 1 Nf3 and King's Indian Attack.} Qe7 7. Bb2 d5 8. Bg2 {[%emt 0:00:02] White has an edge.} c6 9. e3 Nf6 10. O-O Be6 11. Nc3 O-O 12. Ne2 Rad8 13. a4 Bd6 14. d3 Bc8 15. a5 Rfe8 16. Qc1 Qf7 17. Bd4 Bb8 18. Qb2 Ng4 19. Qc3 a6 20. Rab1 Re7 21. h3 Ne5 22. Kh1 Rde8 23. Ng1 Re6 24. f4 Nd7 25. Nf3 h6 {[%emt 0:00:06] Inhibits Ng5.} 26. Rfe1 Bd6 (26... c5 $5 27. Bxc5 Rc6 $11) 27. Qd2 Kh7 28. Kh2 Qe7 (28... Rg8 $11) 29. Nh4 $16 Qf7 30. e4 fxe4 31. dxe4 dxe4 32. f5 Rf6 33. Bxf6 (33. Bxe4 Ne5 $14) (33. Rxe4 $16 Rxe4 34. Bxe4) 33... Qxf6 $11 34. Bxe4 Nc5 35. Bf3 Rd8 $15 {[%emt 0:00:08] Threatens to win with ...Bxg3+.} 36. Qb4 Nd3 $1 {[%emt 0:00:44][%mdl 64] Discovered Attack, Deflection, Double Attack} 37. Qg4 Nxe1 $17 38. Rxe1 Be5 (38... Bc7 $17 39. Be4 Bxa5) 39. Re2 $11 Kg8 40. Qc4+ Kh7 {[%emt 0:00:01] White must now prevent ...Rd4.} 41. Bh5 Bc7 (41... Bxf5 $2 42. Nxf5 Qxf5 43. Bg4 Bxg3+ 44. Kxg3 Qxa5 45. Qf7 $18) 42. Bg6+ Kh8 43. Qe4 Bd7 44. Qb4 $2 (44. Nf3 $11) 44... c5 $1 $19 45. Qxb7 {[%emt 0:00:17] [#]} Qd6 (45... Bb5 $1 $19 {And now ...Bxg3+ would win.} 46. Qxc7 (46. Re6 Qxh4 47. Re3 Rd2+) 46... Bxe2 47. Qxc5 Bb5) 46. Qf3 $11 {[%emt 0:00:06][%cal Of5f6] Active counter play!} Bc6 {[%emt 0:00:01] A strong pair of Bishops.} 47. Qe3 Qd1 48. Ng2 Rf8 (48... Bxa5 $2 49. f6 Qd6 50. fxg7+ Kxg7 51. Nh4 $18) (48... Qf1 49. Rf2 Qa1 50. f6 $16) (48... Qd4 $11 {keeps the balance.}) 49. f6 Qd6 $2 {[%emt 0:00:10] Loses the game.} (49... Rxf6 $2 {[#]} 50. Qe8+ $3 Bxe8 51. Rxe8+) (49... Bxg2 $16 {was necessary.} 50. Rxg2 Qd6) 50. fxg7+ $18 Kxg7 51. Nf4 {[%emt 0:00:10] Dancing on a razor blade.} ({And not} 51. Nh4 Rf1 52. Qc3+ (52. Nf5+ Kf6 $17) (52. Qe7+ $2 Qxe7 53. Rxe7+ Kf8 $19) 52... Qd4 53. Qxd4+ (53. Nf5+ Kxg6) 53... cxd4 $11) 51... Rxf4 52. Qxf4 Qd7 {[%emt 0:00:31] Inhibits Qf7+.} (52... Kxg6 $2 53. Qxd6+ Bxd6 54. Re6+ Kf5 55. Rxd6 $18) (52... Qxf4 53. gxf4 Bxf4+ 54. Kg1 Kf6) 53. Bf5 {[%emt 0:00:09] Weighted Error Value: White=0.21 (precise) /Black=0.36} 1-0

[Event "Julius Baer Generation Cup Prelims 2022"]
[Site "Online"]
[Date "2022.09.14"]
[Round "4.1"]
[White "Giri, Anish"]
[Black "Adhiban, B.."]
[Result "1-0"]
[ECO "A80"]
[WhiteElo "2764"]
[BlackElo "2603"]
[Annotator "ChessBase"]
[PlyCount "61"]
[EventDate "2022.09.12"]
[EventType "tourn"]
[EventCountry "NET"]
[SourceTitle "playchess.com"]
[Source "ChessBase"]
[SourceQuality "1"]
[TimeControl "900+10"]

1. d4 f5 2. Bg5 h6 3. Bh4 g5 4. e3 Bg7 5. Bg3 c5 6. c3 Qb6 7. Nd2 cxd4 8. cxd4 Nf6 9. Bd3 d5 10. h4 Nc6 11. hxg5 hxg5 12. Rxh8+ Bxh8 13. Ngf3 g4 14. Nh4 Ne4 15. Nxe4 dxe4 16. Be2 Qxb2 17. Kf1 Bf6 18. Rb1 Qxa2 19. d5 Ne5 20. Bb5+ Kf7 21. d6 exd6 22. Rc1 Qa5 23. Qd5+ Kg7 24. Kg1 Qd8 25. Bc4 Nxc4 26. Rxc4 Qd7 27. Nxf5+ Qxf5 28. Rc7+ Kh6 29. Bf4+ Kh5 30. Rh7+ Kg6 31. Qf7# 1-0

[Event "Julius Baer Generation Cup Prelims 2022"]
[Site "Online"]
[Date "2022.09.14"]
[Round "4.2"]
[White "Le, Quang Liem"]
[Black "Carlsen, Magnus"]
[Result "0-1"]
[ECO "D53"]
[WhiteElo "2728"]
[BlackElo "2861"]
[Annotator "TA"]
[PlyCount "86"]
[EventDate "2022.09.12"]
[EventType "tourn"]
[EventCountry "NET"]
[SourceTitle "playchess.com"]
[Source "ChessBase"]
[SourceQuality "1"]
[TimeControl "900+10"]

1. d4 d5 2. c4 e6 3. Nf3 c6 4. Bg5 Nf6 5. e3 Be7 6. Nc3 Nbd7 7. Bd3 h6 8. Bh4 dxc4 9. Bxc4 b5 10. Bd3 {[%emt 0:00:32] D53: Queen's Gambit Declined: 4 Bg5 Be7: Early deviations.} Bb7 11. e4 ({Better is} 11. Rc1 $11) 11... b4 $15 12. Na4 {[%emt 0:00:08] [#] Black is slightly better.} c5 $5 $146 {[%emt 0:00:01][%mdl 8] An interesting novelty.} ({Predecessor:} 12... O-O 13. e5 Nd5 14. Bxe7 Qxe7 15. Rc1 Rfc8 16. Nc5 Nxc5 17. Rxc5 Nb6 18. Be4 Ba6 {½-½ (44) Mascaro March,P (2356)-Kjartansson,G (2443) Palma de Mallorca 2021}) 13. e5 Nd5 14. Bxe7 Qxe7 15. dxc5 O-O (15... Nxc5 $6 16. Bb5+ Nd7 17. Bxd7+ Qxd7 18. Nc5 $15) 16. Rc1 Rac8 17. O-O {[%emt 0:00:01] [#]} Nf4 $1 (17... Nxc5 18. Nxc5 Rxc5 19. Qd2 $15) 18. Qd2 {[%emt 0:04:14] [#] Now White is beyond hope.} (18. Bb5 $17 {was called for.} Nxc5 19. Qd6 Qxd6 20. exd6 Nxa4 21. Rxc8 Rxc8 22. Bxa4) 18... Nxe5 $1 $19 19. Be4 ({Wrong is} 19. Nxe5 $2 Qg5 20. f3 Nh3+ 21. Kh1 Qxd2 $19) 19... Bxe4 20. Qxf4 Nxf3+ 21. gxf3 Bc6 22. b3 Rfd8 {[%emt 0:00:15] ...Rd5 is the strong threat.} 23. Rfd1 Rxd1+ 24. Rxd1 Bxa4 25. bxa4 Rxc5 {[%emt 0:00:01][%mdl 4096] Endgame KQR-KQR} 26. Kf1 a5 27. Qe4 Qg5 28. h4 Qf5 29. Qxf5 Rxf5 {[%emt 0:00:02] KR-KR} ({Inferior is} 29... exf5 30. Ke2 $19) 30. Rd8+ Kh7 31. Kg2 Kg6 32. Rb8 Rd5 {[%emt 0:00:06] White must now prevent ...Kf6.} 33. Kg3 $2 (33. Rg8) 33... Kf6 34. Rb7 $2 (34. Kf4 {was the only defense.}) 34... Ke5 ({Not} 34... Rd2 $2 35. Rb5 $19) 35. Rxf7 (35. f4+ $142 Kd6 36. Ra7) 35... Rd2 36. f4+ Kd4 37. f5 exf5 38. Rxf5 Rxa2 39. Rxa5 b3 {[%emt 0:00:01][%cal Bb4b3,Bb3b2][%mdl 32] Black mates.} 40. Ra7 b2 41. Rb7 Ra3+ 42. Kg4 Rxa4 43. Kf5 Kc3 {[%emt 0:00:01] Weighted Error Value: White=0.86/Black=0.14 (very precise)} 0-1

[Event "Julius Baer Generation Cup Prelims 2022"]
[Site "Online"]
[Date "2022.09.14"]
[Round "4.3"]
[White "Navara, David"]
[Black "Erigaisi Arjun"]
[Result "0-1"]
[ECO "B73"]
[WhiteElo "2681"]
[BlackElo "2725"]
[Annotator "ChessBase"]
[PlyCount "96"]
[EventDate "2022.09.12"]
[EventType "tourn"]
[EventCountry "NET"]
[SourceTitle "playchess.com"]
[Source "ChessBase"]
[SourceQuality "1"]
[TimeControl "900+10"]

1. e4 c5 2. Nf3 d6 3. d4 cxd4 4. Nxd4 Nf6 5. Nc3 g6 6. Be3 Bg7 7. Be2 O-O 8. O-O Nc6 9. Qd2 Bd7 10. Rfd1 Rc8 11. f3 Ne5 12. Nb3 a6 13. a4 Nc4 14. Bxc4 Rxc4 15. a5 Qc7 16. Bb6 Qb8 17. Nd4 Rfc8 18. Rac1 Be8 19. Nd5 Nxd5 20. exd5 R8c5 21. Bxc5 dxc5 22. Nb3 Bxb2 23. Qe2 Bb5 24. Qxe7 Bxc1 25. Rxc1 Qf4 26. d6 Rd4 27. g3 Qxd6 28. Qxd6 Rxd6 29. Nxc5 Bc6 30. Rb1 Rd2 31. Nb3 Rxc2 32. Nd4 Ra2 33. Nxc6 bxc6 34. Rb6 Rxa5 35. Rxc6 Ra2 36. h4 h5 37. Kf1 a5 38. Ra6 a4 39. g4 Kf8 40. Ra7 a3 41. Ke1 g5 42. gxh5 gxh4 43. h6 Kg8 44. Kf1 h3 45. Kg1 Rg2+ 46. Kh1 a2 47. h7+ Kxh7 48. Rxf7+ Rg7 0-1

[Event "Julius Baer Generation Cup Prelims 2022"]
[Site "Online"]
[Date "2022.09.14"]
[Round "4.4"]
[White "Niemann, Hans Moke"]
[Black "Keymer, Vincent"]
[Result "1-0"]
[ECO "A13"]
[WhiteElo "2688"]
[BlackElo "2693"]
[Annotator "ChessBase"]
[PlyCount "89"]
[EventDate "2022.09.12"]
[EventType "tourn"]
[EventCountry "NET"]
[SourceTitle "playchess.com"]
[Source "ChessBase"]
[SourceQuality "1"]
[TimeControl "900+10"]

1. c4 Nf6 2. g3 e6 3. Bg2 d5 4. Nf3 d4 5. d3 Bb4+ 6. Nbd2 a5 7. a3 Be7 8. b3 Nc6 9. O-O O-O 10. Bb2 e5 11. Qc2 Bf5 12. Rad1 Bc5 13. Ng5 Qe7 14. Qc1 Bg4 15. Rde1 Nd7 16. Nde4 h6 17. Nf3 Ba7 18. Ned2 Qe6 19. e4 dxe3 20. fxe3 Nc5 21. Qc3 Qg6 22. d4 exd4 23. exd4 Nd3 24. Nh4 Bxd4+ 25. Qxd4 Nxd4 26. Nxg6 Ne2+ 27. Rxe2 Bxe2 28. Ne7+ Kh8 29. Rb1 Rae8 30. Nd5 Nxb2 31. Rxb2 c6 32. Nf4 Bg4 33. Ne4 Rd8 34. c5 g5 35. Ne2 Rd3 36. Bf1 f5 37. Nd6 b6 38. Nc4 bxc5 39. Nf4 Rc3 40. Ng6+ Kg7 41. Nxf8 Kxf8 42. Nxa5 Ke7 43. Nxc6+ Kd6 44. Na5 Ke5 45. Nc4+ 1-0

[Event "Julius Baer Generation Cup Prelims 2022"]
[Site "Online"]
[Date "2022.09.14"]
[Round "4.5"]
[White "Aronian, Levon"]
[Black "Wojtaszek, Radoslaw"]
[Result "1-0"]
[ECO "D00"]
[WhiteElo "2759"]
[BlackElo "2696"]
[Annotator "ChessBase"]
[PlyCount "85"]
[EventDate "2022.09.12"]
[EventType "tourn"]
[EventCountry "NET"]
[SourceTitle "playchess.com"]
[Source "ChessBase"]
[SourceQuality "1"]
[TimeControl "900+10"]

1. d4 Nf6 2. Bg5 d5 3. Bxf6 gxf6 4. c4 dxc4 5. e3 c5 6. Bxc4 cxd4 7. exd4 Bg7 8. Nc3 Nc6 9. Nge2 f5 10. O-O O-O 11. d5 Ne5 12. Bb3 a6 13. Ng3 Qd6 14. Nce2 Qh6 15. Qc1 Qxc1 16. Raxc1 Bd7 17. Nd4 f4 18. Ngf5 Bf6 19. Rc7 b5 20. d6 exd6 21. Nxd6 Rad8 22. N4f5 Bxf5 23. Nxf5 Rd2 24. Ra7 Rxb2 25. Rxa6 Bd8 26. h3 f3 27. Rd1 Bg5 28. h4 Bd2 29. Rd6 Bc3 30. Rd8 Nc6 31. R8d3 Ba5 32. Rxf3 Rd8 33. Rxd8+ Nxd8 34. g3 Bb6 35. Nd6 Kg7 36. Nxb5 Nc6 37. Rxf7+ Kg6 38. Nd6 Ne5 39. h5+ Kg5 40. Rf5+ Kg4 41. Rf4+ Kxh5 42. Rf5+ Kg4 43. Bd1+ 1-0

[Event "Julius Baer Generation Cup Prelims 2022"]
[Site "Online"]
[Date "2022.09.14"]
[Round "4.6"]
[White "Praggnanandhaa R"]
[Black "Yoo, Christopher Woojin"]
[Result "0-1"]
[ECO "D00"]
[WhiteElo "2676"]
[BlackElo "2563"]
[Annotator "ChessBase"]
[PlyCount "134"]
[EventDate "2022.09.12"]
[EventType "tourn"]
[EventCountry "NET"]
[SourceTitle "playchess.com"]
[Source "ChessBase"]
[SourceQuality "1"]
[TimeControl "900+10"]

1. d4 Nf6 2. Nc3 d5 3. Bf4 e6 4. Nb5 Bb4+ 5. c3 Ba5 6. e3 a6 7. Na3 O-O 8. Nf3 Nbd7 9. Be2 c5 10. O-O Bc7 11. Bg5 h6 12. Bh4 b5 13. Nc2 Bb7 14. a4 c4 15. Nd2 Bd6 16. b3 Qc7 17. axb5 axb5 18. bxc4 dxc4 19. Bg3 Bxg3 20. hxg3 Nd5 21. Rxa8 Rxa8 22. Nb1 N7f6 23. Bf3 Qa5 24. Qd2 Qa2 25. Qc1 Qb3 26. Nca3 Qa4 27. Re1 g5 28. Re2 g4 29. Bxd5 Bxd5 30. Rb2 Rb8 31. Nc2 Be4 32. Nd2 Qa8 33. Ne1 Kg7 34. Kh2 Qa3 35. f3 Bg6 36. e4 gxf3 37. gxf3 Nd7 38. Nb1 Qd6 39. Ng2 e5 40. Rd2 Qf6 41. Nh4 Ra8 42. Qb2 Rb8 43. Qb4 exd4 44. cxd4 Qg5 45. f4 Qd8 46. Nc3 Nf6 47. Nxg6 Kxg6 48. Kg2 Qd7 49. d5 h5 50. Ra2 Kg7 51. Ra6 h4 52. Qb2 b4 53. Nb5 c3 54. Nxc3 bxc3 55. Qxb8 Qg4 56. Rxf6 Qxg3+ 57. Kf1 Kxf6 58. Qh8+ Kg6 59. Qg8+ Kh5 60. Qxf7+ Kg4 61. d6 Qf3+ 62. Kg1 Qe3+ 63. Kf1 Qc1+ 64. Kf2 Qd2+ 65. Kf1 c2 66. Qg8+ Kh3 67. Qb3+ Kh2 0-1

[Event "Julius Baer Generation Cup Prelims 2022"]
[Site "Online"]
[Date "2022.09.14"]
[Round "5.1"]
[White "Duda, Jan-Krzysztof"]
[Black "Giri, Anish"]
[Result "1-0"]
[ECO "E60"]
[WhiteElo "2731"]
[BlackElo "2764"]
[Annotator "TA"]
[PlyCount "115"]
[EventDate "2022.09.12"]
[EventType "tourn"]
[EventCountry "NET"]
[SourceTitle "playchess.com"]
[Source "ChessBase"]
[SourceQuality "1"]
[TimeControl "900+10"]

1. d4 Nf6 2. c4 g6 3. f3 e6 4. e4 c5 5. d5 d6 (5... Nxe4 $2 6. fxe4 Qh4+ 7. Ke2 $18) 6. Nc3 {[%emt 0:00:04] E60: King's Indian: Unusual lines and Fianchetto Variation without Nc3.} Bg7 7. Nge2 (7. Bg5 {with more complications.} a6 8. a4 O-O 9. Qd2) 7... exd5 8. cxd5 {[%emt 0:00:02] The position is equal.} (8. Nxd5 Nxd5 9. cxd5 (9. exd5 Qh4+ 10. Ng3 O-O $17) (9. Qxd5 Nc6 $15) 9... O-O $15) 8... a6 9. a4 Nbd7 {[%emt 0:00:04] 9...Nbd7 scores better than 9...0-0.} 10. Ng3 h5 11. Be2 h4 12. Nf1 Rb8 13. Ne3 (13. Bg5 $16) 13... Nh5 $1 $15 {[%emt 0:00:33] [#]} 14. a5 $146 ({Predecessor:} 14. Nc4 Ne5 15. Be3 g5 16. O-O Nxc4 17. Bxc4 Be5 18. Qd2 Nf4 19. Ra3 Qa5 20. Rb3 {0-1 (34) Cebrian Ramos,J (2056)-Ivanov,J (2382) Cambados 2007}) 14... Ne5 ({Black should play} 14... Nf4 $15) 15. O-O $11 {[%emt 0:00:44] f4 is the strong threat.} Nf4 16. Kh1 O-O 17. Rf2 (17. Ng4 $5 Nxe2 18. Qxe2 $15) 17... b5 (17... f5 $15) 18. axb6 $1 Qxb6 19. Nc4 Nxc4 20. Bxc4 Be5 21. Ne2 g5 22. Nxf4 gxf4 23. Rc2 Kg7 24. Bd2 f5 25. Bc3 Bxc3 26. bxc3 a5 27. Qe1 fxe4 28. Qxh4 (28. fxe4 $16 h3 29. Rd2 (29. Qh4 Qb1+ 30. Rc1 hxg2+ 31. Kg1 Qxe4 $17)) 28... Qd8 29. Qxd8 Rxd8 30. fxe4 Re8 31. Bd3 Kf6 32. Rf2 Ke5 33. Bc2 {[%emt 0:00:13] Prevents Rb3.} Bd7 34. h3 (34. Kg1 $11) 34... Ra8 $1 $17 35. Ba4 Bxa4 36. Rxa4 $15 {[%emt 0:00:00][%cal Og2g3][%mdl 4096] Endgame KRR-KRR} Rf8 ({Black should try} 36... Rg8 $15) 37. Kh2 $11 Rf7 38. Rf3 Rb8 39. Rxa5 Rb2 40. Ra8 {[%emt 0:00:08] Black must now prevent Re8+.} Kxe4 {[%emt 0:00:02] aiming for ...Rg7.} 41. Rg8 {[%emt 0:00:05] Prevents Rg7.} Kxd5 42. h4 Ke4 43. Kh3 Rbb7 44. Re8+ Rbe7 45. Rd8 d5 46. Rf1 {[%emt 0:00:16] And now Re1+ would win.} Rd7 47. Re8+ Kd3 48. Rf3+ Kc4 49. h5 Rd6 $2 {[%emt 0:00:18][%mdl 8192] [#]} (49... d4 $11 {and Black has nothing to worry.} 50. cxd4 cxd4) 50. g4 $1 $18 d4 51. cxd4 cxd4 52. Rc8+ Kd5 {[%emt 0:00:02] [#]} 53. g5 $1 Ke4 $2 (53... Ke5 54. Rf2 (54. Kg4 d3 $16) 54... d3) 54. Kg4 d3 55. g6 ({Less strong is} 55. Re8+ Kd4 $16) 55... Re7 56. Rc4+ {[%emt 0:00:21] White mates.} Ke5 57. Rcxf4 Ke6 58. Rf6+ {[%emt 0:00:04] Weighted Error Value: White=0.12 (very precise) /Black=0.37} 1-0

[Event "Julius Baer Generation Cup Prelims 2022"]
[Site "Online"]
[Date "2022.09.14"]
[Round "5.2"]
[White "Gelfand, Boris"]
[Black "Ivanchuk, Vasyl"]
[Result "1/2-1/2"]
[ECO "B36"]
[WhiteElo "2668"]
[BlackElo "2678"]
[Annotator "TA"]
[PlyCount "79"]
[EventDate "2022.09.12"]
[EventType "tourn"]
[EventCountry "NET"]
[SourceTitle "playchess.com"]
[Source "ChessBase"]
[SourceQuality "1"]
[TimeControl "900+10"]

1. Nf3 c5 2. c4 g6 3. e4 Nc6 4. d4 cxd4 5. Nxd4 Nf6 6. Nc3 d6 7. f3 Nxd4 8. Qxd4 Bg7 9. Be3 O-O 10. Qd2 Qa5 11. Rc1 Be6 {[%emt 0:00:03] CPLX 2.4 4 (a7-a6) (=4)} 12. b3 {[%emt 0:02:08] CPLX 2.4 2 (Bf1-e2) (=2). B36: Sicilian: Maroczy Bind: Gurgenidze System.} Rfc8 {[%emt 0:00:03] CPLX 2.4 8 (a7-a6) (=6)} 13. Bd3 {[%emt 0:01:21] CPLX 2.4 23 (g2-g4) (=13)} a6 {[%emt 0:01:26] CPLX 2.5} 14. Nd5 {[%emt 0:02:48] CPLX 2.5 2 (g2-g4) (=9). White has an edge.} Qxd2+ {[%emt 0:00:15] EASY} 15. Kxd2 {[%emt 0:00:01] RECAPT} Nxd5 {[%emt 0:00:09] CPLX 2.4} 16. cxd5 {[%emt 0:00:02] RECAPT} Bd7 {[%emt 0:00:05] EASY} 17. Rxc8+ {[%emt 0:00:08] CPLX 2.1 13 (g2-g4) (=7)} Rxc8 {[%emt 0:00:02] RECAPT. The position is equal.} 18. Rc1 {[%emt 0:00:01] CPLX 2.0 13 (g2-g4) (=8)} Rxc1 {[%emt 0:00:15] CPLX 2.0} 19. Kxc1 $11 {[%emt 0:00:01][%mdl 4096] [#] Endgame KBB-KBB. RECAPT} e6 $146 {[%emt 0:03:17] CPLX 2.0} ({Predecessor:} 19... f5 20. exf5 Bxf5 21. Bxf5 gxf5 22. Kd2 Kf7 23. Kd3 e6 24. dxe6+ Kxe6 25. Kc4 Be5 {½-½ (42) Kast,J (2023)-Golda,H (2346) Forchheim 2015}) 20. dxe6 {[%emt 0:00:51] CPLX 2.0} Bxe6 {[%emt 0:00:02] RECAPT} 21. Kd2 {[%emt 0:00:55] CPLX 2.0 7 (f3-f4) (=6)} Kf8 {[%emt 0:00:01] BESTDEEP} 22. Bc4 {[%emt 0:00:12] CPLX 2.0 10 (f3-f4) (=6)} Bxc4 {[%emt 0:00:41] CPLX 2.0} 23. bxc4 {[%emt 0:00:02] KB-KB. RECAPT} h5 {[%emt 0:00:01] CPLX 2.0} 24. Kd3 {[%emt 0:00:21] CPLX 2.0 0 (a2-a4) (=5)} Ke7 {[%emt 0:00:08] CPLX 2.0} 25. h3 {[%emt 0:00:39] CPLX 2.0 0 (f3-f4) (=5)} Ke6 {[%emt 0:00:03] CPLX 2.0} 26. g4 hxg4 {[%emt 0:00:02] CPLX 2.0} 27. hxg4 {[%emt 0:00:24] RECAPT} Kd7 {[%emt 0:00:39] CPLX 2.0 4 (Bg7-f6) (=1)} 28. a4 {[%emt 0:00:48] CPLX 2.0 4 (g4-g5) (=5)} Kc6 {[%emt 0:00:08] CPLX 2.0} 29. f4 {[%emt 0:00:37] CPLX 2.0 0 (Kd3-c2) (=4)} Bf6 {[%emt 0:00:11] BESTDEEP} 30. f5 Bd8 31. Bd4 b5 {[%emt 0:02:11] CPLX 2.0 8 (Bd8-g5) (=1)} 32. axb5+ {[%emt 0:00:12] CPLX 2.1 0 (c4xb5) (=4)} axb5 {[%emt 0:00:01] RECAPT} 33. cxb5+ {[%emt 0:00:10] RECAPT} Kxb5 {[%emt 0:00:01] RECAPT} 34. Bb2 {[%emt 0:00:11] CPLX 2.0 0 (Bd4-e3) (=4)} Kc6 {[%emt 0:00:08] CPLX 2.0} 35. Kc4 {[%emt 0:00:03] CPLX 2.0 8 (Bb2-c1) (=4)} Bg5 {[%emt 0:00:06] CPLX 2.0 8 (g6xf5) (=1)} 36. Bc3 {[%emt 0:00:06] CPLX 2.0 8 (Bb2-a3) (=4)} Bf4 {[%emt 0:00:07] CPLX 2.0 8 (g6xf5) (=2)} 37. Bd4 {[%emt 0:00:02] CPLX 2.0} Bg5 {[%emt 0:00:03] CPLX 2.0 0 (g6xf5) (=2)} 38. Bc3 {[%emt 0:00:02] CPLX 2.0 8 (Bd4-a7) (=4)} Bf4 {[%emt 0:00:01] CPLX 2.0} 39. Bd4 {[%emt 0:00:01] CPLX 2.0 8 (Bc3-f6) (=4)} Bg5 {[%emt 0:00:01] CPLX 2.0} 40. Bc3 {[%emt 0:00:02] Weighted Error Value: White=0.06 (flawless) /Black=0.02 (flawless)} 1/2-1/2

[Event "Julius Baer Generation Cup Prelims 2022"]
[Site "Online"]
[Date "2022.09.14"]
[Round "5.3"]
[White "Yoo, Christopher Woojin"]
[Black "Saric, Ivan"]
[Result "1/2-1/2"]
[ECO "D79"]
[WhiteElo "2563"]
[BlackElo "2668"]
[Annotator "TA"]
[PlyCount "58"]
[EventDate "2022.09.12"]
[EventType "tourn"]
[EventCountry "NET"]
[SourceTitle "playchess.com"]
[Source "ChessBase"]
[SourceQuality "1"]
[TimeControl "900+10"]

1. d4 Nf6 2. c4 g6 3. Nf3 Bg7 4. g3 c6 5. Bg2 d5 6. cxd5 cxd5 7. O-O O-O 8. Ne5 Nfd7 {[%emt 0:00:45] CPLX 2.1 5 (Nf6-g4) (=5)} 9. Nxd7 {[%emt 0:03:35] CPLX 2.4 5 (Bg2xd5) (=5). D79: Fianchetto Grünfeld: Symmetrical Variation (6 0-0 c6 7 cxd5 cxd5).} Qxd7 {[%emt 0:00:05] RECAPT} 10. Nc3 {[%emt 0:00:05] EASY} e6 {[%emt 0:00:09] BESTDEEP} 11. b3 {[%emt 0:01:34] BESTDEEP} Nc6 {[%emt 0:00:04] CPLX 2.0 0 (b7-b6) (=1)} 12. e3 {[%emt 0:00:03] CPLX 2.0 0 (Bc1-a3) (=1)} b6 {[%emt 0:00:01] CPLX 2.0} 13. Ba3 {[%emt 0:00:11] EASY} Rd8 {[%emt 0:00:05] CPLX 2.4 0 (Nc6-e7) (=1)} 14. Rc1 {[%emt 0:00:39] CPLX 2.1} Ba6 {[%emt 0:00:17] CPLX 2.1} 15. Re1 {[%emt 0:00:02] CPLX 2.6} Rac8 {[%emt 0:00:00] [#] CPLX 2.4 1 (Nc6-e7) (=1)} 16. Bf1 $146 {[%emt 0:00:49] CPLX 2.4 15 (Qd1-d2) (=3)} ({Predecessor:} 16. Qd2 Bf8 17. Bxf8 Kxf8 18. Na4 Kg7 19. Rc2 Ne7 20. Rec1 Rxc2 21. Rxc2 Rc8 22. Bf1 Bxf1 23. Kxf1 {0-1 (37) Hamidi,A (2276)-Kaminski,V (2247) Chess.com INT 2021}) 16... Bxf1 {[%emt 0:00:05] CPLX 2.6} 17. Rxf1 {[%emt 0:00:00] RECAPT} h5 {[%emt 0:00:20] CPLX 2.0 1 (e6-e5) (=1)} 18. Ne2 {[%emt 0:01:55] CPLX 2.1} e5 {[%emt 0:01:04][%cal Be6e5,Be5e4][%mdl 32] CPLX 2.2 0 (Qd7-b7) (=1)} 19. Bb2 {[%emt 0:00:30] CPLX 2.5 4 (d4xe5) (=2)} e4 {[%emt 0:00:59] CPLX 2.2} 20. Ba3 $1 {[%emt 0:00:41] CPLX 2.2} Bh6 {[%emt 0:00:35] CPLX 2.3 11 (h5-h4) (=1)} 21. Nc3 {[%emt 0:02:17] CPLX 2.3 18 (h2-h4) (=3)} h4 {[%emt 0:00:15] Hoping for ...hxg3. BESTDEEP} 22. gxh4 {[%emt 0:00:20] CPLX 2.6 30 (Qd1-e2) (=5)} Qh3 {[%emt 0:00:43] EASY} 23. h5 {[%emt 0:00:07] [#] CPLX 4.0 5 (Qd1-d2) (=5)} Nxd4 $1 {[%emt 0:03:44] MISS-g6xh5 6 (g6xh5) (=2)} 24. Qxd4 {[%emt 0:00:09] aiming for Qe5. RECAPT} Bg7 {[%emt 0:00:08] Inhibits Qe5. EASY} 25. Qd2 {[%emt 0:00:11] BESTDEEP} Qg4+ {[%emt 0:01:38][%mdl 1024] Black has compensation. MISS-Bg7-e5 25 (Bg7-e5) (=3)} 26. Kh1 {[%emt 0:00:03] LEGAL. The position is equal.} Qf3+ {[%emt 0:00:00] EASY} 27. Kg1 {[%emt 0:00:00] LEGAL} Qg4+ {[%emt 0:06:50] EASY} 28. Kh1 {[%emt 0:00:02] [#] Strongly threatening Ne2. LEGAL} Qf3+ {[%emt 0:00:15] EASY} 29. Kg1 {[%emt 0:00:02] And now Ne2 would win. LEGAL} Qg4+ {[%emt 0:00:49] Weighted Error Value: White=0.06 (flawless) /Black=0.04 (flawless)} 1/2-1/2